 Dungeon Crawl Stone Soup version 0.28-a0-1560-g060a6a1bfc (webtiles) character file.

Game seed: 4069067251882950160

302663 Lekart the Envoy of Void (level 20, -14/148 (174) HPs)
             Began as a Red Draconian Abyssal Knight on Jan 17, 2022.
             Was a High Priest of Lugonu.
             Demolished by an azure jelly (37 damage)
             ... on level 5 of the Lair of Beasts on Jan 19, 2022.
             The game lasted 04:07:16 (73106 turns).

Lekart the Envoy of Void (DrAK)                    Turns: 73106, Time: 04:07:16

HP:   -14/148 (174) AC: 22    Str: 19    XL:     20   Next: 22%
MP:   0/30          EV: 28    Int: 19    God:    Lugonu [*****.]
Gold: 2910          SH:  0    Dex: 22    Spells: 29/34 levels left

rFire   + + +      SeeInvis .   q - +9 halberd (distort)
rCold   . . .      Faith    +   (shield currently unavailable)
rNeg    . . .      Spirit   +   (armour unavailable)
rPois   +          Reflect  .   V - +2 hat of the Bear Spirit {Spirit, *Rage Will++}
rElec   .          Harm     .   u - +2 cloak {rPois}
rCorr   .          Rampage  ∞   x - +2 pair of gloves {hurl}
Will    +++++      Rage     20% G - +3 pair of seven-league boots {Rampage+∞}
Stlth   ++........              U - amulet of faith
HPRegen 0.34/turn               a - ring of Aseyxaut {rF+ Will++ Int+6}
MPRegen 0.22/turn               y - ring "Beskees" {rF+ Str+6 Dex+3}

@: flying, slowed, studying 2 skills, heavily drained, unable to read, very slow
A: breathe fire, AC +10, unfitting armour, fire resistance 1, cold-blooded, big
wings, low mp 1, weak 1, inability to read while threatened
}: 2/15 runes: decaying, serpentine
a: Breathe Fire, Renounce Religion, Depart the Abyss, Bend Space, Banish,
Corrupt, Enter the Abyss


You were on level 5 of the Lair of Beasts.
You worshipped Lugonu.
Lugonu was extremely pleased with you.
You visited 9 branches of the dungeon, and saw 39 of its levels.
You visited the Abyss 2 times.
You also visited: Bailey and Gauntlet.

You collected 6066 gold pieces.
You spent 3156 gold pieces at shops.

Inventory:

Hand Weapons
 q - a +9 halberd of distortion (weapon)
 A - the +7 scimitar "Wefugepiol" {drain, Will+ Stlth+}
   (You found it on level 6 of the Lair of Beasts)

   A truly terrible weapon, it drains the life of any living foe it strikes.
   Will:      It increases your willpower.
   Stlth:     It makes you more stealthy.
 B - the +14 obsidian axe {vorpal, Mesm Drain Fly SInv}
   (You found it on level 3 of the Elven Halls)

   It inflicts extra damage upon your enemies.
   It occasionally summons demons to assist the wielder when it strikes in
   combat.
   Its wielder is mesmerised by any visible foes.
   It cannot be unequipped while any foes are visible.
   SInv:      It lets you see invisible.
   Fly:       It grants you flight.
   Drain:     It drains your maximum health when unequipped.
 F - the +8 whip of Departure {holy, Fragile rPois rN+ Int+4}
   (You found it on level 3 of the Elven Halls)

   It has been blessed by the Shining One to cause great damage to the undead
   and demons.
   Int:       It affects your intelligence (+4).
   rPois:     It protects you from poison.
   rN:        It protects you from negative energy.
   Fragile:   It will be destroyed if unequipped.
 N - a +6 scimitar of flaming
Missiles
 n - 3 throwing nets
 o - 2 silver boomerangs
 v - 11 boomerangs (quivered)
 X - 8 javelins
Armour
 h - a +2 kite shield of reflection
 u - a +2 cloak of poison resistance (worn)
 x - a +2 pair of gloves of hurling (worn)
 G - the +3 pair of seven-league boots (worn) {Rampage+∞}
   (You found it on level 3 of the Elven Halls)

   Its wearer moves as far as possible in that direction when moving towards
   enemies.
 L - the +2 cloak of Dishonesty {rElec rC+ Int+3 Stlth+}
   (You acquired it on level 3 of the Snake Pit)

   Int:       It affects your intelligence (+3).
   rC:        It protects you from cold.
   rElec:     It insulates you from electricity.
   Stlth:     It makes you more stealthy.
 V - the +2 hat of the Bear Spirit (worn) {Spirit, *Rage Will++}
   (You found it on level 1 of the Snake Pit)

   Going berserk makes the wearer tougher, and they're slowed less afterward.
   *Rage:     It berserks you when you make melee attacks (+20% chance).
   Will:      It greatly increases your willpower.
Jewellery
 a - the ring of Aseyxaut (left hand) {rF+ Will++ Int+6}
   (You bought it in a shop on level 2 of the Orcish Mines)

   [ring of intelligence]

   Int:       It affects your intelligence (+6).
   rF:        It protects you from fire.
   Will:      It greatly increases your willpower.
 f - the ring "Kolipn" {rC+ Str+6}
   (You found it on level 3 of the Elven Halls)

   [ring of protection from cold]

   Str:       It affects your strength (+6).
   rC:        It protects you from cold.
 j - a ring of protection from cold
 y - the ring "Beskees" (right hand) {rF+ Str+6 Dex+3}
   (You found it on level 8 of the Dungeon)

   [ring of strength]

   Str:       It affects your strength (+6).
   Dex:       It affects your dexterity (+3).
   rF:        It protects you from fire.
 D - the amulet "Enlick" {Spirit rN+ Will+ Dex-2}
   (You acquired it on level 12 of the Dungeon)

   [amulet of guardian spirit]

   It causes incoming damage to be divided between your reserves of health and
   magic.
   Dex:       It affects your dexterity (-2).
   rN:        It protects you from negative energy.
   Will:      It increases your willpower.
 E - a ring of positive energy
 S - a ring of protection from cold
 U - an amulet of faith (around neck)
Wands
 c - a wand of acid (8)
 m - a wand of digging (30)
 p - a wand of mindburst (9)
 H - a wand of flame (67)
 P - a wand of iceblast (5)
 W - a wand of polymorph (14)
 Y - a wand of charming (22)
Scrolls
 d - 3 scrolls of fear
 e - a scroll of teleportation
 r - a scroll of silence
 t - a scroll of enchant armour
 C - 3 scrolls of holy word
 K - 4 scrolls of blinking
 O - 3 scrolls of fog
 Q - 3 scrolls of amnesia
 T - a scroll of summoning
Potions
 b - 8 potions of curing
 g - 11 potions of cancellation
 k - a potion of resistance
 l - 6 potions of magic
 w - 2 potions of haste
 z - 4 potions of might
Miscellaneous
 i - a lightning rod (4/4)
 I - a phial of floods
 M - a piece from Xom's chessboard (13/15)
 Z - a box of beasts


   Skills:
 + Level 14.2 Fighting
 + Level 7.3(12.2) Short Blades
 + Level 15.2(15.8) Long Blades
 + Level 4.5(4.7) Axes
 + Level 1.9(3.4) Polearms
 + Level 5.5 Throwing
 + Level 19.0 Dodging
 + Level 7.9 Shields
 * Level 7.8 Spellcasting
 * Level 9.0 Hexes
 * Level 8.3 Air Magic
 * Level 20.0 Invocations
 + Level 3.3 Evocations


You had 29 spell levels left.
You knew the following spells:

 Your Spells              Type           Power      Damage    Failure   Level
a - Silence               Hex/Air        20%        N/A       7%          5

Your spell library contained the following spells:

 Spells                   Type           Power      Damage    Failure   Level
 Slow                     Hex            100%       N/A       1%          1
 Confusing Touch          Hex            42%        N/A       1%          3
 Tukima's Dance           Hex            42%        N/A       1%          3
 Corpse Rot               Necr/Air       46%        N/A       2%          2
 Poisonous Vapours        Pois/Air       46%        N/A       2%          2
 Cause Fear               Hex            21%        N/A       2%          4
 Airstrike                Air            19%        N/A       3%          4
 Dazzling Flash           Conj/Hex       48%        N/A       4%          3
 Inner Flame              Hex/Fire       24%        N/A       4%          3
 Pain                     Necr           28%        1d5       10%         1
 Sandblast                Erth           14%        2d6       10%         1
 Sting                    Tmut/Pois      28%        1d4       10%         1
 Blink                    Tloc           14%        N/A       14%         2
 Passwall                 Tmut/Erth      5%         N/A       14%         2
 Scorch                   Fire           14%        2d5       14%         2
 Summon Lightning Spire   Summ/Air       23%        N/A       17%         4
 Frozen Ramparts          Ice            14%        1d3       28%         3
 Lesser Beckoning         Tloc           7%         N/A       28%         3
 Ozocubu's Armour         Ice            7%         N/A       28%         3
 Stone Arrow              Conj/Erth      14%        3d7       28%         3
 Vampiric Draining        Necr           7%         2d6       28%         3
 Metabolic Englaciation   Hex/Ice        12%        N/A       36%         5
 Yara's Violent Unravell  Hex/Tmut       12%        3d7       36%         5
 Lightning Bolt           Conj/Air       11%        1d24      43%         5
 Dispel Undead            Necr           7%         3d8       67%         4
 Flame Wave               Conj/Fire      7%         2d4       67%         4
 Ice Form                 Ice/Tmut       7%         N/A       67%         4
 Olgreb's Toxic Radiance  Pois           7%         N/A       67%         4
 Passage of Golubria      Tloc           7%         N/A       67%         4
 Petrify                  Tmut/Erth      7%         N/A       67%         4
 Summon Ice Beast         Ice/Summ       7%         N/A       67%         4
 Agony                    Necr           7%         N/A       95%         5
 Excruciating Wounds      Necr           3%         N/A       95%         5
 Fireball                 Conj/Fire      3%         3d4       95%         5
 Iskenderun's Battlesphe  Conj           7%         2d6       95%         5
 Manifold Assault         Tloc           7%         N/A       95%         5
 Death Channel            Necr           3%         N/A       100%        6
 Dispersal                Tloc           3%         N/A       100%        6
 Iron Shot                Conj/Erth      3%         9d2       100%        6
 Starburst                Conj/Fire      3%         6d3       100%        6
 Statue Form              Tmut/Erth      4%         N/A       100%        6
 Summon Cactus Giant      Summ           3%         N/A       100%        6
 Dragon Form              Tmut           3%         N/A       100%        7
 Malign Gateway           Summ/Tloc      3%         N/A       100%        7
 Ozocubu's Refrigeration  Ice            3%         4d5       100%        7
 Spellforged Servitor     Conj/Summ      3%         N/A       100%        7
 Discord                  Hex            21%        N/A       100%        8
 Disjunction              Tloc           3%         N/A       100%        8
 Ignition                 Fire           3%         3d4       100%        8
 Summon Horrible Things   Summ           3%         N/A       100%        8
 Dragon's Call            Summ           3%         N/A       100%        9


Dungeon Overview and Level Annotations

Branches:
Dungeon (15/15) Temple (0/1) D:4 Lair (6/6) D:9 Swamp (4/4) Lair:4 Snake (4/4) Lair:2 Slime (2/5) Lair:6 Orc (2/2) D:10 Elf (3/3) Orc:2 Vaults (0/5) D:13 D:14 Depths (2/4) D:15 Hell (visited) Bailey (visited) Gauntlet (visited) Dis: Hell:1 Geh: Hell:1 Coc: Hell:1 Tar: Hell:1

Altars:
Ashenzari
Dithmenos
Elyvilon
Fedhas
Gozag
Kikubaaqudgha
Makhleb
Okawaru
Sif Muna
Trog
Vehumet
Xom
Zin
The Shining One
Beogh
Jiyva

Shops:
D:5 *   D:13 !   Orc:2 ([:!=   Snake:2 *   Snake:4 :   Depths:1 [:*

Portals:
Hell: Depths:1

Annotations:
D:6 exclusion: downstairs
D:11 exclusion: downstairs
D:12 exclusion: downstairs
D:13 1 runed translucent door, exclusion: downstairs, Asabatre's ghost, journeyman MiBe
Snake:2 3 runed translucent doors, exclusion: obsidian statue, Cymafa's ghost, journeyman FeSu
Elf:3 corrupted
Depths:2 exclusion: orange crystal statue
Hell Geryon
Abyss:1 Aizul; Donald; Gilette's ghost, journeyman MiAK; Harold; Prince Ribbit; Urug; makewrite's ghost, journeyman HOBe


Innate Abilities, Weirdness & Mutations

You can breathe blasts of fire.
Your fiery red scales are hard. (AC +10)
You cannot fit into any form of body armour.
Your flesh is heat resistant. (rF+)
You are cold-blooded and may be slowed by cold attacks.
Your large and strong wings let you fly.
Your magical capacity is low. (-10% MP)
You are weak. (Str -2)
You sometimes lose the ability to read scrolls when taking damage.


Message History

The azure jelly hits you but does no damage. x2
The azure jelly completely misses you. The azure jelly misses you.
The azure jelly completely misses you.
You fly upwards.
Welcome back to the Lair of Beasts!
There is a staircase to the Slime Pits, spattered with blood here.
The azure jelly barely misses you.
The azure jelly hits you but does no damage. x2
The azure jelly closely misses you.
Really fly into that dispersal trap?
You enter a dispersal trap!
The azure jelly blinks! x3; You blink.
You stride towards the azure jelly!
You barely miss the azure jelly.
You tail-slap the azure jelly, but do no damage.
The azure jelly hits you! The azure jelly freezes you!!
The azure jelly completely misses you.
The azure jelly hits you but does no damage. x2
The azure jelly completely misses you.
The azure jelly hits you but does no damage.
The azure jelly completely misses you. The azure jelly misses you.
You slice the azure jelly!!
Your tail-slap misses the azure jelly.
The azure jelly is moderately wounded.
The azure jelly blinks!
The azure jelly closely misses you. x2; The azure jelly hits you.
The azure jelly hits you but does no damage.
There is a stone staircase leading up, spattered with blood here.
The azure jelly closely misses you. The azure jelly completely misses you.
The azure jelly closely misses you. The azure jelly misses you.
You fly upwards.
There is a stone staircase leading down, spattered with blood here.
You closely miss the azure jelly.
The azure jelly is moderately wounded.
The azure jelly hits you! The azure jelly freezes you!!
You feel yourself slow down.
* * * LOW HITPOINT WARNING * * *
The azure jelly misses you. The azure jelly completely misses you.
The azure jelly closely misses you. The azure jelly misses you.
The azure jelly hits you.
* * * LOW HITPOINT WARNING * * *
The azure jelly freezes you!!!
You feel as though you will be slow longer.
You die...

#P.#.......####...............P..
####..........#..................
#..................##.P.......
###................####.#.....
#####...........P# ###P....
###.#...........## ###...
#...............#### #P...#
##........J.....##.#####...#
###..........@......##.......#
###..#.........................#
##....##..........#.......###....
.#....#........P##.....#### ##P..
....P.......##P###.#...# ##..
..........###### ###..## ##.
..........## ###....## ##
.......#...## #.##....## #
......##....# #....P..P# #


You could see an azure jelly.

Vanquished Creatures
  Rupert (D:13)
  2 tentacled monstrosities
  A tengu reaver (Depths:1)
  Agnes (D:15)
  Roxanne (D:15)
  A rockslime (Slime:1)
  An azure jelly (Slime:2)
  2 fire giants (Depths:1)
  A fenstrider witch (Swamp:3)
  6 nagarajas
  The ghost of BearFiend the Stormcaller, a journeyman DrTm of Jiyva (Swamp:1)
  A cacodemon (D:14)
  A spectral caustic shrike (Depths:2)
  2 quicksilver oozes
  A stone giant (Depths:2)
  A very ugly thing (Depths:1)
  Azrael (D:13)
  A deep elf demonologist (Elf:1)
  4 eleionomae
  2 spark wasps (Depths:1)
  3 bunyips
  3 vampire knights
  A minotaur (Gauntlet)
  An ettin (Depths:2)
  A deep elf death mage (Elf:2)
  An eidolon (Depths:2)
  2 spectral golden dragons (Depths:2)
  A merfolk javelineer (Depths:1)
  Josephine (Lair:4)
  A spectral spriggan (Depths:2)
  4 fire dragons
  3 spectral shadow dragons (Depths:2)
  2 shambling mangroves
  17 naga warriors
  2 ghost crabs
  A deep elf high priest (Elf:3)
  An ice dragon (D:15)
  A catoblepas (shapeshifter) (Depths:1)
  21 hydras
  An ogre mage (Orc:2)
  6 centaur warriors
  Erolcha (Orc:2)
  2 boulder beetles
  The ghost of Mandevil the Destroyer, a journeyman DgFE (D:14)
  2 spectral frost giants (Depths:2)
  10 anacondas
  3 spectral fire giants (Depths:2)
  A tengu warrior (D:14)
  A spectral stone giant (Depths:2)
  3 two-headed ogres
  2 deep troll shamans (Depths:1)
  7 alligators
  30 dancing weapons
  3 death yaks (Lair:5)
  7 shock serpents
  2 vampire magi (Depths:1)
  An orc high priest (Elf:1)
  3 deep troll earth magi
  11 naga sharpshooters
  A spectral storm dragon (Depths:2)
  Nergalle (Orc:2)
  A fire crab (Gauntlet)
  2 salamander mystics
  2 death drakes
  19 deep elf knights
  4 goliath frogs
  9 deep trolls
  11 swamp dragons
  14 sea snakes
  A glowing orange brain (D:15)
  A spectral iron dragon (Depths:2)
  An orange crystal statue (Elf:3)
  A flayed ghost (Depths:2)
  3 spriggan druids
  A spectral spark wasp (Depths:2)
  A lindwurm (Lair:6)
  5 bog bodies
  2 naga ritualists
  2 orc knights
  7 deep elf archers
  A phantasmal warrior (Depths:1)
  18 deep elf zephyrmancers
  7 mana vipers
  22 deep elf pyromancers
  2 shining eyes
  15 salamanders
  18 ugly things
  A spectral ettin (Depths:2)
  10 orc sorcerers
  A mana viper (shapeshifter) (D:15)
  A manticore (shapeshifter) (D:15)
  6 will-o-the-wisps
  3 cyclopes
  4 manticores
  8 guardian serpents
  36 black mambas
  Maurice (Orc:1)
  11 elephants
  A black mamba (shapeshifter) (Elf:2)
  A rust devil (Gauntlet)
  25 naga magi
  15 cane toads
  An eye of devastation (shapeshifter) (D:14)
  A rime drake (Lair:4)
  13 komodo dragons
  3 unseen horrors
  2 tengu conjurers
  A kobold demonologist (D:12)
  An efreet (D:14)
  Psyche (D:11)
  A spectral glowing shapeshifter (Depths:2)
  4 meliai
  9 tyrant leeches
  2 trolls
  A queen bee (shapeshifter) (D:14)
  A blink frog (shapeshifter) (D:15)
  5 hornets
  25 blink frogs
  6 dream sheep (Lair:5)
  33 slime creatures
  Sigmund (D:2)
  A spriggan (shapeshifter) (Elf:1)
  A wyvern (shapeshifter) (Elf:1)
  3 air elementals
  6 wyverns
  7 wraiths
  20 yaks
  A shadow (D:9)
  16 humans
  5 water elementals
  2 spriggans
  A ynoxinul (Gauntlet)
  3 fire bats (Gauntlet)
  7 fire elementals
  2 neqoxecs (D:15)
  16 vampire mosquitoes
  3 basilisks
  Edmund (D:4)
  A steam dragon (shapeshifter) (D:15)
  3 steam dragons (Lair:6)
  Menkaure (D:4)
  5 wargs
  49 nagas
  13 water moccasins
  12 swamp worms
  6 hell hounds
  A floating eye (Gauntlet)
  16 orc warriors
  8 swamp drakes
  An ice beast (D:7)
  2 sky beasts (D:7)
  A necrophage (D:4)
  8 ogres
  14 centaurs
  31 wolves
  A phantom (D:6)
  4 kobold brigands
  2 wyvern zombies
  13 bullfrogs
  2 earth elementals
  2 water moccasin zombies (D:4)
  4 wights (D:8)
  5 killer bees (D:10)
  8 electric eels
  5 howler monkeys
  5 lava snakes (Lair:6)
  4 centaur zombies
  Crazy Yiuf (D:7)
  3 iron imps (Gauntlet)
  A gnoll shaman (D:6)
  4 hounds
  A jelly (D:5)
  15 orc priests
  2 centaur skeletons
  2 iguanas (D:6)
  Jessica (D:3)
  39 orc wizards
  Natasha (twice) (D:2)
  3 scorpion zombies (D:4)
  7 hell rats (Lair:6)
  3 hound skeletons
  3 hound zombies (D:4)
  2 howler monkey zombies
  11 gnolls
  A howler monkey skeleton (D:6)
  7 adders
  A gnoll (shapeshifter) (D:15)
  A shadow imp (D:6)
  An ufetubus (D:6)
  An adder zombie (D:4)
  3 worms
  2 dart slugs
  81 orcs
  6 endoplasms
  6 giant cockroaches
  4 hobgoblins
  4 jackals (D:1)
  19 kobolds
  2 quokkas
  7 ball pythons
  5 bats
  5 frilled lizards
  15 goblins
  A quokka zombie (D:4)
  3 rats
1200 creatures vanquished.

Vanquished Creatures (collateral kills)
  Mara (Swamp:4)
  A golden dragon (Depths:1)
  The ghost of Lavandula the Grappler, an adept FoTm of Ru (Lair:4)
  A fire giant (Depths:1)
  Louise (Swamp:2)
  A stone giant (Depths:1)
  2 very ugly things (Depths:1)
  An eleionoma (Swamp:2)
  2 bunyips
  A tengu warrior (Depths:1)
  2 alligators (Swamp:2)
  An iron troll (Depths:1)
  A deep troll (Depths:1)
  A swamp dragon (Swamp:4)
  An ugly thing (Depths:1)
  A hornet (Swamp:2)
  A spriggan (Swamp:2)
  2 vampire mosquitoes (Swamp:2)
  3 swamp worms (Swamp:2)
  An orc (Orc:1)
26 creatures vanquished.

Vanquished Creatures (others)
  3 deep elf blademasters (Elf:3)
  2 deep elf master archers (Elf:3)
  10 deep elf sorcerers (Elf:3)
  An orc warlord (Bailey)
  7 deep elf elementalists (Elf:3)
  4 deep elf demonologists (Elf:3)
  5 deep elf annihilators (Elf:3)
  3 deep elf death magi (Elf:3)
  7 deep elf high priests (Elf:3)
  A ghost crab (Swamp:2)
  An alligator (Swamp:2)
  3 deep elf archers (Elf:3)
  4 deep elf pyromancers (Elf:3)
  3 deep elf zephyrmancers (Elf:3)
  A bloated husk (Swamp:2)
  A water elemental (Elf:3)
  A swamp drake (Swamp:4)
  4 orc warriors (Bailey)
  2 orc wizards
  4 gnolls (Bailey)
  2 orcs (Orc:2)
  2 goblins (Bailey)
  A hobgoblin (Bailey)
  8 kobolds (Bailey)
  A bush (Lair:1)
  26 foxfires
  24 fungi
  73 plants
  37 starspawn tentacles
  4 withered plants
245 creatures vanquished.

Grand Total: 1471 creatures vanquished

Notes
Turn   | Place    | Note
-------+----------+-------------------------------------------
     0 | Abyss:1  | Lekart the Draconian Abyssal Knight began the quest for the
                  | Orb.
     0 | Abyss:1  | Reached XP level 1. HP: 19/19 MP: 2/2
    12 | D:1      | Escaped the Abyss
   459 | D:1      | Reached XP level 2. HP: 26/26 MP: 3/3
   676 | D:1      | Reached ** piety under Lugonu
   916 | D:2      | Reached XP level 3. HP: 32/33 MP: 4/4
   927 | D:2      | Found a faded altar of an unknown god.
  1274 | D:2      | Noticed Sigmund
  1544 | D:3      | Reached XP level 4. HP: 24/40 MP: 5/5
  2321 | D:3      | Noticed Jessica
  2328 | D:3      | Killed Jessica
  2396 | D:3      | Reached XP level 5. HP: 41/46 MP: 7/7
  2544 | D:3      | HP: 1/46 [orc wizard/magic dart (5)]
  2547 | D:3      | Reached skill level 3 in Invocations
  2880 | D:3      | Found a white marble altar of Elyvilon.
  3710 | D:2      | Noticed Natasha
  3728 | D:2      | Killed Natasha
  3976 | D:2      | Killed Sigmund
  3977 | D:2      | Reached skill level 1 in Short Blades
  3977 | D:2      | Reached XP level 6. HP: 35/53 MP: 8/8
  4002 | D:2      | Noticed Natasha
  4032 | D:2      | Killed Natasha
  4718 | D:3      | Your scales start taking on a fiery red colour.
  4718 | D:3      | Reached XP level 7. HP: 46/60 MP: 9/9
  4718 | D:3      | Gained mutation: Your flesh is heat resistant. (rF+) [Red
                  | Draconian growth]
  4816 | D:4      | Reached skill level 1 in Shields
  4900 | D:4      | Reached skill level 5 in Dodging
  4900 | D:4      | Reached skill level 4 in Invocations
  4979 | D:4      | Upgraded the game from 0.28-a0-1518-gbe868bca14 to
                  | 0.28-a0-1545-g945cd3f27e
  5171 | D:4      | Found a staircase to the Ecumenical Temple.
  5264 | D:4      | Noticed Menkaure
  5270 | D:4      | Killed Menkaure
  5271 | D:4      | Reached XP level 8. HP: 67/67 MP: 11/11
  5273 | D:4      | Noticed Edmund
  5305 | D:4      | Reached *** piety under Lugonu
  5374 | D:4      | Killed Edmund
  5727 | D:4      | Gained mutation: Your muscles are strong. (Str +2) [potion
                  | of mutation]
  5727 | D:4      | Gained mutation: You are dopey. (Int -2) [potion of
                  | mutation]
  5727 | D:4      | Gained mutation: You are frail. (-10% HP) [potion of
                  | mutation]
  5743 | D:5      | Entered Level 5 of the Dungeon
  6032 | D:5      | Reached skill level 5 in Fighting
  6048 | D:5      | Noticed a troll
  6051 | D:5      | Killed a troll
  6052 | D:5      | Reached skill level 5 in Invocations
  6114 | D:5      | Reached skill level 1 in Evocations
  6136 | D:5      | Found a blossoming altar of Fedhas.
  6560 | D:5      | Found Ampaecsugh's Elemental Accessories.
  7161 | D:6      | Noticed Prince Ribbit
  7163 | D:6      | Banished Prince Ribbit
  7164 | D:6      | Reached XP level 9. HP: 66/66 MP: 8/13
  7271 | D:6      | Reached skill level 5 in Short Blades
  8045 | D:6      | Identified the +2 robe of Gravitas {Str+2 Dex+3}
  8136 | D:6      | Lost mutation: You are dopey. (Int -2) [potion of mutation]
  8136 | D:6      | Lost mutation: Your muscles are strong. (Str +2) [potion of
                  | mutation]
  8136 | D:6      | Lost mutation: You are frail. (-10% HP) [potion of
                  | mutation]
  8136 | D:6      | Gained mutation: Your spells are a little harder to cast,
                  | but a little more powerful. [potion of mutation]
  8136 | D:6      | Gained mutation: You expend magic power (3 MP) to
                  | strengthen your wands. [potion of mutation]
  8136 | D:6      | Gained mutation: You possess an exceptional clarity of
                  | mind. [potion of mutation]
  8136 | D:6      | Gained mutation: You are agile. (Dex +2) [potion of
                  | mutation]
  8515 | D:7      | Noticed Harold
  8561 | D:7      | Banished Harold
  8562 | D:7      | Reached skill level 6 in Invocations
  9030 | D:7      | Found a bloodstained altar of Trog.
  9031 | D:7      | Found an iron altar of Okawaru.
  9289 | D:7      | Found a burning altar of Makhleb.
  9414 | D:7      | Reached XP level 10. HP: 68/83 MP: 14/14
  9530 | D:7      | Found a runed translucent door.
  9531 | D:7      | Noticed Crazy Yiuf
  9628 | D:7      | Found a shimmering blue altar of Sif Muna.
 10082 | D:7      | Killed Crazy Yiuf
 10338 | D:7      | Reached **** piety under Lugonu
 10814 | D:8      | Found a flagged portal.
 10837 | Bailey   | Entered a bailey
 10910 | Bailey   | Noticed an orc warlord
 10924 | Bailey   | Corrupted Bailey
 10924 | Bailey   | Noticed a tentacled starspawn
 10924 | Bailey   | Noticed a starcursed mass
 10924 | Bailey   | Noticed a worldbinder
 10924 | Bailey   | Noticed a glowing orange brain
 10924 | Bailey   | Noticed a tentacled starspawn
 10924 | Bailey   | Noticed a tentacled starspawn
 10924 | Bailey   | Noticed a starcursed mass
 10924 | Bailey   | Noticed a starcursed mass
 10924 | Bailey   | Noticed a tentacled starspawn
 10924 | Bailey   | Noticed an apocalypse crab
 10924 | Bailey   | Noticed a thrashing horror
 10924 | Bailey   | Noticed a large abomination
 10925 | Bailey   | Noticed a smoke demon
 10926 | Bailey   | Noticed a starcursed mass
 10926 | Bailey   | Noticed a starcursed mass
 10927 | Bailey   | Noticed a deep elf zephyrmancer
 10927 | Bailey   | Noticed a deep elf knight
 10927 | Bailey   | Noticed a deep elf zephyrmancer
 10935 | Bailey   | Killed an orc warlord
 10943 | Bailey   | Noticed a will-o-the-wisp
 10954 | Bailey   | Noticed a starcursed mass
 10958 | Bailey   | Noticed a starcursed mass
 10984 | Bailey   | Noticed a starcursed mass
 11005 | Bailey   | Found a runed translucent gate.
 11007 | Bailey   | Found a runed translucent gate.
 11008 | Bailey   | Found a runed translucent gate.
 11071 | Bailey   | Identified a scroll of acquirement
 11072 | Bailey   | Acquired 859 gold pieces
 11074 | Bailey   | Reached skill level 12 in Invocations
 11074 | Bailey   | Reached XP level 11. HP: 90/90 MP: 15/20
 11291 | D:8      | Identified the ring "Beskees" {rF+ Str+6 Dex+3}
 11476 | D:9      | Found a staircase to the Lair.
 11629 | D:9      | Noticed a two-headed ogre
 11631 | D:9      | You fall into a shaft and drop 2 floors!
 11631 | D:11     | Noticed Psyche
 11639 | D:11     | Killed Psyche
 12418 | D:11     | Noticed a centaur warrior
 12428 | D:11     | Killed a centaur warrior
 12429 | D:11     | Reached skill level 5 in Long Blades
 12891 | D:11     | Noticed a two-headed ogre
 12898 | D:11     | Killed a two-headed ogre
 13221 | D:12     | Noticed a boulder beetle
 13222 | D:12     | Banished a boulder beetle
 13295 | D:11     | Reached skill level 10 in Dodging
 13488 | D:11     | Reached skill level 13 in Invocations
 13508 | D:12     | Acquired the amulet "Enlick" {Spirit rN+ Will+ Dex-2}
 13576 | D:11     | Reached XP level 12. HP: 71/100 MP: 16/21
 13767 | D:12     | Noticed a six-headed hydra
 13783 | D:12     | Killed a six-headed hydra
 13846 | D:12     | Noticed a two-headed ogre
 14117 | D:11     | Banished a two-headed ogre
 14217 | D:12     | Noticed a two-headed ogre
 14219 | D:12     | Banished a two-headed ogre
 14256 | D:12     | Found a shadowy altar of Dithmenos.
 14584 | D:10     | Entered Level 10 of the Dungeon
 15118 | D:10     | Found a staircase to the Orcish Mines.
 15233 | D:10     | Noticed a two-headed ogre
 15236 | D:10     | Noticed a fire dragon
 15243 | D:10     | Killed a two-headed ogre
 15244 | D:10     | Reached skill level 1 in Throwing
 15416 | D:10     | Banished a fire dragon
 15503 | D:10     | Found a large runed translucent door.
 15503 | D:10     | Found a large runed translucent door.
 15505 | D:10     | Noticed makewrite's ghost (journeyman HOBe)
 15511 | D:10     | Banished makewrite's ghost
 15645 | D:10     | Noticed a two-headed ogre
 15656 | D:10     | Killed a two-headed ogre
 16056 | D:13     | Noticed a boulder beetle
 16063 | D:13     | Banished a boulder beetle
 16353 | D:13     | Noticed a centaur warrior
 16475 | D:12     | Reached skill level 14 in Invocations
 16511 | D:13     | Banished a centaur warrior
 16535 | D:13     | Noticed a centaur warrior
 16536 | D:13     | Banished a centaur warrior
 16546 | D:13     | Noticed a centaur warrior
 16953 | D:13     | Noticed Azrael
 16956 | D:13     | Noticed a centaur warrior
 16966 | D:13     | Killed a centaur warrior
 17203 | D:13     | Found Zecowic's Distillery.
 17222 | D:13     | Bought a potion of heal wounds for 65 gold pieces
 17222 | D:13     | Bought a potion of curing for 39 gold pieces
 17222 | D:13     | Bought a potion of berserk rage for 65 gold pieces
 17246 | D:13     | Noticed a boulder beetle
 17298 | D:12     | Reached XP level 13. HP: 53/107 MP: 15/23
 18746 | D:13     | Found a runed translucent door.
 18746 | D:13     | Noticed a storm dragon
 18746 | D:13     | Noticed Asabatre's ghost (journeyman MiBe)
 18844 | D:13     | Killed Azrael
 19249 | Lair:1   | Entered Level 1 of the Lair of Beasts
 21510 | Lair:2   | Found a staircase to the Snake Pit.
 21946 | Lair:2   | Reached skill level 15 in Invocations
 22030 | Lair:2   | Found a transporter.
 22033 | Lair:2   | Found a transporter.
 22590 | Lair:3   | Noticed Urug
 22594 | Lair:3   | Banished Urug
 22934 | Lair:2   | Reached XP level 14. HP: 40/118 MP: 10/25
 24407 | Lair:4   | Found a staircase to the Swamp.
 24992 | Lair:4   | Noticed Josephine
 25024 | Lair:4   | Killed Josephine
 25266 | Lair:4   | Reached skill level 10 in Long Blades
 25753 | Lair:5   | Found a glowing silver altar of Zin.
 26754 | Lair:6   | Entered Level 6 of the Lair of Beasts
 26794 | Lair:6   | Found a staircase to the Slime Pits.
 26794 | Lair:6   | Found a viscous altar of Jiyva.
 26794 | Lair:6   | Found a glowing golden altar of the Shining One.
 27826 | Lair:6   | Reached skill level 10 in Fighting
 28220 | Lair:6   | Reached skill level 16 in Invocations
 28523 | Lair:6   | Found a large runed translucent door.
 28524 | Lair:6   | Found a large runed translucent door.
 28913 | Lair:6   | Identified the +7 scimitar "Wefugepiol" {drain, Will+
                  | Stlth+}
 29247 | Orc:1    | Entered Level 1 of the Orcish Mines
 29502 | Orc:1    | Reached XP level 15. HP: 118/126 MP: 20/27
 29868 | Orc:2    | Entered Level 2 of the Orcish Mines
 29898 | Orc:2    | Upgraded the game from 0.28-a0-1545-g945cd3f27e to
                  | 0.28-a0-1560-g060a6a1bfc
 30092 | Orc:2    | Found Keolut's Jewellery Shoppe.
 30103 | Orc:2    | Bought the ring of Aseyxaut {rF+ Will++ Int+6} for 1375
                  | gold pieces
 30374 | Orc:2    | Found a staircase to the Elven Halls.
 30667 | Orc:1    | Noticed Maurice
 30676 | Orc:1    | Killed Maurice
 31045 | Orc:2    | Found Dunejut's Distillery.
 31056 | Orc:2    | Bought a potion of mutation for 96 gold pieces
 31069 | Orc:2    | Found a radiant altar of Vehumet.
 31070 | Orc:2    | Noticed Erolcha
 31098 | Orc:2    | Killed Erolcha
 31105 | Orc:2    | Found Textilih's Book Shop.
 31119 | Orc:2    | Noticed Nergalle
 31121 | Orc:2    | Found an ancient bone altar of Kikubaaqudgha.
 31138 | Orc:2    | Killed Nergalle
 31328 | Orc:2    | Bought a manual of Dodging for 1040 gold pieces
 31342 | Orc:2    | Found Lijisum's Antique Armour Shop.
 31356 | Orc:2    | Found Pufisich's Antique Weapon Boutique.
 31755 | Orc:2    | Bought a potion of heal wounds for 60 gold pieces
 31755 | Orc:2    | Bought a potion of berserk rage for 60 gold pieces
 31755 | Orc:2    | Bought a potion of heal wounds for 60 gold pieces
 31755 | Orc:2    | Bought a potion of flight for 36 gold pieces
 31916 | Snake:1  | Entered Level 1 of the Snake Pit
 32442 | Snake:1  | Noticed Donald
 32599 | Snake:1  | Banished Donald
 32788 | Snake:1  | Noticed Aizul
 32795 | Snake:1  | Banished Aizul
 32805 | Snake:1  | Found the +2 hat of the Bear Spirit {Spirit, *Rage Will++}
 34144 | Snake:2  | Reached skill level 17 in Invocations
 34613 | Snake:2  | Reached skill level 15 in Dodging
 36559 | Snake:2  | Found a runed translucent gate.
 36559 | Snake:2  | Found a runed translucent gate.
 36559 | Snake:2  | Found a runed translucent gate.
 36559 | Snake:2  | Found an opulent altar of Gozag.
 36561 | Snake:2  | Noticed Cymafa's ghost (journeyman FeSu)
 36902 | Snake:2  | Found Guptaxiy's Assorted Antiques.
 37134 | Snake:3  | Reached XP level 16. HP: 132/137 MP: 26/28
 39822 | Snake:4  | Entered Level 4 of the Snake Pit
 40764 | Snake:4  | Found Cuepis's Book Shop.
 41050 | Snake:3  | Reached skill level 5 in Throwing
 41417 | Snake:3  | Acquired the +2 cloak of Dishonesty {rElec rC+ Int+3
                  | Stlth+}
 41431 | Snake:3  | Learned a level 5 spell: Silence
 42077 | Snake:4  | Reached skill level 1 in Spellcasting
 42077 | Snake:4  | Reached skill level 1 in Hexes
 42298 | Snake:3  | Reached skill level 1 in Air Magic
 43664 | Snake:4  | Reached skill level 18 in Invocations
 43699 | Snake:4  | HP: 1/139 [naga sharpshooter/bolt (10)]
 44716 | Snake:4  | Reached XP level 17. HP: 134/146 MP: 30/30
 46018 | Snake:4  | Got a serpentine rune of Zot
 46560 | D:14     | Noticed Rupert
 46560 | D:14     | Found a gate to the Vaults.
 46627 | D:13     | Killed Rupert
 47596 | D:14     | Found a runed translucent door.
 47608 | D:14     | Found a shimmering altar of Xom.
 47608 | D:14     | Noticed Mandevil's ghost (journeyman DgFE)
 47664 | D:14     | Killed Mandevil's ghost
 47863 | D:14     | Found a radiant altar of Vehumet.
 48250 | D:14     | Acquired 458 gold pieces
 48298 | D:15     | Entered Level 15 of the Dungeon
 48298 | D:15     | Found a gate leading to a gauntlet.
 48304 | Gauntlet | Entered a Gauntlet
 48304 | Gauntlet | Found a transporter.
 48304 | Gauntlet | Found a runed translucent gate.
 48304 | Gauntlet | Found a transporter.
 48306 | Gauntlet | Found a runed translucent gate.
 48308 | Gauntlet | Found a runed translucent gate.
 48324 | Gauntlet | Found a transporter.
 48324 | Gauntlet | Found a transporter.
 48327 | Gauntlet | Found a transporter.
 48349 | Gauntlet | Found a transporter.
 48364 | Gauntlet | Found a transporter.
 48463 | Gauntlet | Found a transporter.
 48463 | Gauntlet | Found a transporter.
 48558 | Gauntlet | Found a transporter.
 48564 | Gauntlet | Found a runed translucent door.
 48565 | Gauntlet | Found a runed translucent door.
 48569 | Gauntlet | Found a transporter.
 48623 | Gauntlet | Found a transporter.
 48630 | Gauntlet | Found a transporter.
 48660 | Gauntlet | Found a transporter.
 48893 | Gauntlet | Identified the +9 short sword of Neuxuarph {spect, rPois
                  | rN+ Str+2 SInv}
 48907 | D:15     | Lost mutation: You are agile. (Dex +2) [potion of mutation]
 48907 | D:15     | Lost mutation: You possess an exceptional clarity of mind.
                  | [potion of mutation]
 48907 | D:15     | Gained mutation: Your magical capacity is low. (-10% MP)
                  | [potion of mutation]
 48907 | D:15     | Gained mutation: You have a pair of small horns on your
                  | head. [potion of mutation]
 48908 | D:15     | Lost mutation: You have a pair of small horns on your head.
                  | [potion of mutation]
 48908 | D:15     | Lost mutation: Your magical capacity is low. (-10% MP)
                  | [potion of mutation]
 48908 | D:15     | Gained mutation: Your tail ends in a venomous barb. [potion
                  | of mutation]
 48908 | D:15     | Gained mutation: Your tail ends in a sharp venomous barb.
                  | [potion of mutation]
 48909 | D:15     | Lost mutation: Your spells are a little harder to cast, but
                  | a little more powerful. [potion of mutation]
 48909 | D:15     | Lost mutation: You expend magic power (3 MP) to strengthen
                  | your wands. [potion of mutation]
 48909 | D:15     | Gained mutation: Potions are less effective at restoring
                  | your health. [potion of mutation]
 48909 | D:15     | Gained mutation: You possess an exceptional clarity of
                  | mind. [potion of mutation]
 48910 | D:15     | Lost mutation: Potions are less effective at restoring your
                  | health. [potion of mutation]
 48910 | D:15     | Lost mutation: Your tail ends in a sharp venomous barb.
                  | [potion of mutation]
 48910 | D:15     | Lost mutation: You possess an exceptional clarity of mind.
                  | [potion of mutation]
 48910 | D:15     | Gained mutation: You expend magic power (3 MP) to
                  | strengthen your wands. [potion of mutation]
 48911 | D:15     | Lost mutation: You expend magic power (3 MP) to strengthen
                  | your wands. [potion of mutation]
 48911 | D:15     | Lost mutation: Your tail ends in a venomous barb. [potion
                  | of mutation]
 48911 | D:15     | Gained mutation: You do not regenerate when monsters are
                  | visible. [potion of mutation]
 48911 | D:15     | Gained mutation: You expend magic power (3 MP) to
                  | strengthen your wands. [potion of mutation]
 48911 | D:15     | Gained mutation: Potions are less effective at restoring
                  | your health. [potion of mutation]
 48912 | D:15     | Lost mutation: You expend magic power (3 MP) to strengthen
                  | your wands. [potion of mutation]
 48912 | D:15     | Lost mutation: You do not regenerate when monsters are
                  | visible. [potion of mutation]
 48912 | D:15     | Gained mutation: Your large and strong wings let you fly.
                  | [potion of mutation]
 49070 | D:15     | Found a staircase to the Depths.
 49783 | D:15     | Found a broken altar of Ashenzari.
 49783 | D:15     | Noticed Jorgrun
 49784 | D:15     | Noticed Agnes
 49788 | D:15     | Banished Jorgrun
 49880 | D:15     | Killed Agnes
 50231 | D:15     | Found a runed translucent gate.
 50234 | D:15     | Found a runed translucent gate.
 50235 | D:15     | Found a runed translucent gate.
 50465 | D:15     | Noticed Roxanne
 50510 | D:15     | Killed Roxanne
 51167 | D:15     | Found a runed translucent gate.
 51167 | D:15     | Found a runed translucent gate.
 51170 | D:15     | Noticed a tentacled monstrosity
 51172 | D:15     | Found a runed translucent gate.
 51172 | D:15     | Noticed Gilette's ghost (journeyman MiAK)
 51191 | D:15     | Gained mutation: You are occasionally teleported next to
                  | monsters. [a neqoxec]
 51199 | D:15     | Killed a tentacled monstrosity
 51214 | D:15     | Gained mutation: Your magical capacity is low. (-10% MP) [a
                  | neqoxec]
 51214 | D:15     | Gained mutation: You occasionally shout uncontrollably at
                  | your foes. [a cacodemon]
 51243 | D:14     | Banished Gilette's ghost
 51469 | D:15     | Gained mutation: Your flesh is very heat resistant. (rF++)
                  | [a neqoxec]
 51472 | D:15     | Gained mutation: You are clumsy. (Dex -2) [a cacodemon]
 51486 | D:14     | Gained mutation: You are frail. (-10% HP) [a cacodemon]
 51753 | D:15     | Gained mutation: Your body sometimes deteriorates upon
                  | taking damage. [mutagenic glow]
 51764 | D:15     | Lost mutation: You are clumsy. (Dex -2) [mutagenic glow]
 51774 | D:15     | Gained mutation: You sometimes lose the ability to read
                  | scrolls when taking damage. [mutagenic glow]
 51803 | D:15     | Lost mutation: You are frail. (-10% HP) [potion of
                  | mutation]
 51803 | D:15     | Lost mutation: Your large and strong wings let you fly.
                  | [potion of mutation]
 51803 | D:15     | Lost mutation: You occasionally shout uncontrollably at
                  | your foes. [potion of mutation]
 51803 | D:15     | Gained mutation: You expend magic power (3 MP) to
                  | strengthen your wands. [potion of mutation]
 51806 | D:15     | Lost mutation: You are occasionally teleported next to
                  | monsters. [potion of mutation]
 51806 | D:15     | Lost mutation: Your magical capacity is low. (-10% MP)
                  | [potion of mutation]
 51806 | D:15     | Lost mutation: Your flesh is very heat resistant. (rF++)
                  | [potion of mutation]
 51806 | D:15     | Gained mutation: You have a pair of small horns on your
                  | head. [potion of mutation]
 51806 | D:15     | Gained mutation: Your muscles are strong. (Str +2) [potion
                  | of mutation]
 51807 | D:15     | Lost mutation: Potions are less effective at restoring your
                  | health. [potion of mutation]
 51807 | D:15     | Lost mutation: Your body sometimes deteriorates upon taking
                  | damage. [potion of mutation]
 51807 | D:15     | Gained mutation: You are resistant to electric shocks.
                  | (rElec) [potion of mutation]
 51807 | D:15     | Gained mutation: You possess an exceptional clarity of
                  | mind. [potion of mutation]
 51809 | D:15     | Lost mutation: Your muscles are strong. (Str +2) [potion of
                  | mutation]
 51809 | D:15     | Lost mutation: You sometimes lose the ability to read
                  | scrolls when taking damage. [potion of mutation]
 51809 | D:15     | Lost mutation: You have a pair of small horns on your head.
                  | [potion of mutation]
 51809 | D:15     | Gained mutation: Your large and strong wings let you fly.
                  | [potion of mutation]
 51809 | D:15     | Gained mutation: You sometimes lose the ability to read
                  | scrolls when taking damage. [potion of mutation]
 52098 | Slime:1  | Entered Level 1 of the Pits of Slime
 53192 | Elf:1    | Entered Level 1 of the Elven Halls
 53600 | Elf:1    | Reached XP level 18. HP: 156/156 MP: 26/31
 53990 | Elf:1    | Reached skill level 19 in Invocations
 54014 | Elf:1    | Reached skill level 5 in Shields
 54031 | Elf:1    | Reached skill level 5 in Air Magic
 54401 | Elf:1    | Reached skill level 5 in Hexes
 54518 | Elf:1    | Paralysed by an air elemental for 1 turns
 54528 | Elf:1    | Paralysed by an air elemental for 1 turns
 54854 | Elf:1    | Reached skill level 5 in Spellcasting
 55168 | Elf:3    | Entered Level 3 of the Elven Halls
 56230 | Elf:2    | Reached ***** piety under Lugonu
 56425 | Elf:2    | Found a runed translucent gate.
 56425 | Elf:2    | Found a runed translucent gate.
 56425 | Elf:2    | Found a runed translucent gate.
 59894 | Elf:3    | Corrupted Elf:3
 59894 | Elf:3    | Noticed a lich
 59917 | Elf:3    | Found the +14 obsidian axe {vorpal, Mesm Drain Fly SInv}
 59942 | Elf:3    | Identified the +1 helmet of the Tangerine {Dex+4}
 60216 | Elf:3    | Identified the ring "Kolipn" {rC+ Str+6}
 60227 | Elf:3    | Identified the +3 scale mail of Love and Death {Harm}
 60318 | Elf:3    | Identified the +8 whip of Departure {holy, Fragile rPois
                  | rN+ Int+4}
 60338 | Elf:3    | Found the +3 pair of seven-league boots {Rampage+∞}
 60383 | Elf:3    | Identified the amulet "Duddux" {Acrobat Int+4}
 60739 | Elf:3    | Escaped the Abyss
 61302 | Swamp:1  | Entered Level 1 of the Swamp
 61416 | Swamp:1  | Found a radiant altar of Vehumet.
 61617 | Swamp:1  | Reached XP level 19. HP: 134/165 MP: 25/32
 61970 | Swamp:1  | Found a runed translucent gate.
 61970 | Swamp:1  | Found a runed translucent gate.
 61970 | Swamp:1  | Found a runed translucent gate.
 61970 | Swamp:1  | Noticed Lavandula's ghost (adept FoTm)
 61970 | Swamp:1  | Noticed BearFiend's ghost (journeyman DrTm)
 62163 | Lair:4   | Killed Lavandula's ghost
 62465 | Swamp:1  | Killed BearFiend's ghost
 62487 | Swamp:1  | Identified the +2 arbalest of Turmoil {penet, rCorr Dex+7
                  | Stlth+}
 62915 | Swamp:2  | Reached skill level 1 in Axes
 63602 | Swamp:2  | Noticed Louise
 63617 | Swamp:2  | Killed Louise
 63921 | Lair:4   | Lost mutation: You possess an exceptional clarity of mind.
                  | [potion of mutation]
 63921 | Lair:4   | Lost mutation: You are resistant to electric shocks.
                  | (rElec) [potion of mutation]
 63921 | Lair:4   | Gained mutation: Your tail ends in a venomous barb. [potion
                  | of mutation]
 64158 | Depths:1 | Entered Level 1 of the Depths
 64302 | Depths:1 | Identified the +4 spear "Oluwi" {vorpal, rPois}
 64380 | Depths:1 | Noticed a golden dragon
 64391 | Depths:1 | Killed a golden dragon
 64505 | Depths:1 | Noticed a golden dragon
 64513 | Depths:1 | a golden dragon changed into an acid blob
 64515 | Depths:1 | Noticed a golden dragon
 64515 | Depths:1 | an acid blob changed into a golden dragon
 64520 | Depths:1 | a golden dragon changed into an iron dragon
 64523 | Depths:1 | Noticed a golden dragon
 64523 | Depths:1 | an acid blob changed into a golden dragon
 64527 | Depths:1 | a golden dragon changed into a shadow dragon
 64558 | Depths:1 | Found Qooc Ati's General Store.
 64558 | Depths:1 | Found Qemairul's Book Shoppe.
 64566 | Depths:1 | Bought a potion of heal wounds for 100 gold pieces
 64566 | Depths:1 | Bought a wand of polymorph (2) for 80 gold pieces
 64566 | Depths:1 | Bought a potion of might for 80 gold pieces
 65752 | Swamp:2  | Lost mutation: Your tail ends in a venomous barb. [potion
                  | of mutation]
 65752 | Swamp:2  | Lost mutation: You expend magic power (3 MP) to strengthen
                  | your wands. [potion of mutation]
 65752 | Swamp:2  | Gained mutation: Your magical capacity is low. (-10% MP)
                  | [potion of mutation]
 65752 | Swamp:2  | Gained mutation: You are weak. (Str -2) [potion of
                  | mutation]
 65794 | Swamp:4  | Entered Level 4 of the Swamp
 66205 | Swamp:4  | Reached skill level 15 in Long Blades
 66266 | Swamp:3  | HP: 7/144 [poison (dark miasma)]
 66271 | Swamp:3  | HP: 3/144 [poison (dark miasma)]
 67764 | Swamp:4  | Noticed Mara
 67800 | Swamp:4  | Noticed Lekart's illusion
 67807 | Swamp:4  | Killed Mara
 68512 | Swamp:4  | Got a decaying rune of Zot
 68935 | Depths:1 | Found a gateway to Hell.
 68958 | Hell     | Entered the Vestibule of Hell
 68958 | Hell     | Noticed Geryon
 69248 | Depths:1 | Found Loobill's Antique Armour Shoppe.
 69762 | Depths:2 | Reached XP level 20. HP: 166/166 MP: 27/30
 70058 | Depths:2 | Reached ****** piety under Lugonu
 70905 | Depths:2 | Reached skill level 20 in Invocations
 71549 | Depths:1 | Identified a +9 halberd of distortion (a +7 halberd of
                  | flaming corrupted by Lugonu)
 71549 | Depths:1 | Received a gift from Lugonu
 71847 | Depths:2 | Reached skill level 1 in Polearms
 73106 | Lair:5   | Demolished by an azure jelly

Illustrated notes

Levels and vault maps discovered:
D:1:      dpeg_arrival_pits, layout_basic, minmay_surrounded
D:2:      layout_basic, nicolae_ecumenical_snake_handling, uniq_natasha,
          uniq_sigmund
D:3:      layout_basic, lemuel_round_altar, uniq_jessica
D:4:      layout_cave_pools, minmay_temple_entry_glass, serial_undead,
          serial_undead_c, serial_undead_b, serial_undead_b, serial_undead_b,
          serial_undead_b, serial_undead_a, uniq_edmund, uniq_menkaure
D:5:      layout_gridville, mainiacjoe_overflow_alcove_2,
          serial_co_window_serial, co_window_of_opportunity_a,
          co_window_corner_a, co_window_paths_a, co_window_corner_a,
          co_window_paths_a, co_window_broadway_c, co_window_broadway_c,
          co_window_corner_b, co_window_unsneaky_path_b, co_window_corner_b,
          co_window_unsneaky_path_a, co_window_sun, co_window_4corner_a,
          glass_columns_b, glass_columns_a, nicolae_elemental_shop
D:6:      layout_cave_pools, uniq_prince_ribbit1
D:7:      layout_rooms, grunt_temple_overflow_bloody_war, bloody_makhleb,
          kennysheep_orc_sif_temple, serial_bayou_pond_d, dk_rats_in_the_wall,
          uniq_harold, uniq_crazy_yiuf_cottage
D:8:      layout_rooms, enter_bailey_5
D:9:      layout_roguey, lair_entry_dummy, serial_shops, nicolae_square_shop
D:10:     layout_roguey, hiddenorc2_lemuel, ebering_ghost_disaster_area,
          serial_glass, glass_columns_b, glass_columns_a
D:11:     layout_roguey, moated_statue, hangedman_decor_peaks_small, uniq_psyche
D:12:     layout_rooms, minmay_misc_feat_nine_boxes,
          nicolae_dithmenos_the_darkroom
D:13:     layout_irregular_city, serial_shops, shop, ebering_ghost_inner_flame,
          kennysheep_generic_room_12, uniq_azrael
D:14:     layout_rooms, david_vaults_3, nicolae_vehumet_radiance,
          ebering_ghost_xom, grunt_ministairs_7
D:15:     grunt_enter_depths_hoard, layout_basic, evilmike_ruin_ashenzari,
          ploomutoo_gammafunk_ghost_potion_laboratory, gauntlet_entry_generic,
          uniq_jorgrun, uniq_roxanne, uniq_agnes
Lair:1:   layout_small_grid, lemuel_fruit_tree
Lair:2:   gammafunk_boulding_lane, layout_gridlike,
          minmay_snake_entry_spellcaster, grunt_megastairs_2
Lair:3:   layout_chaotic_city, uniq_urug
Lair:4:   layout_long_grid, nicolae_swamp_entry_splash_gauntlet, uniq_josephine
Lair:5:   layout_cave_pods, basic_altar, uniq_rupert
Lair:6:   cheibrodos_lair_end_hotspot, layout_hall_layers, slime_altar_1,
          serial_bayou, serial_bayou_pond_a, serial_bayou_pond_d, basic_altar,
          serial_bayou_shore_b
Swamp:1:  layout_falls_marsh, gammafunk_ghost_cemetery, lemuel_altar_in_water,
          swamp_pool3, ldierk_geyser
Swamp:2:  layout_basic_swamp, nicolae_swamp_orc_logging_accident,
          infiniplex_staircase_pool_2, uniq_louise
Swamp:3:  layout_falls_marsh, nicolae_swamp_big_swirl
Swamp:4:  swamp, layout_basic_swamp, uniq_mara
Snake:1:  layout_grid_maze, nicolae_snake_gridmaze_big_u, serial_bayou_shore_a,
          uniq_aizul, uniq_donald
Snake:2:  layout_misc_corridors, ebering_ghost_gozag, serial_bayou_lake_a
Snake:3:  layout_chambers
Snake:4:  grunt_snake_rune_pools, layout_basic, serial_shops, shop_statue
Slime:1:  layout_caves
Slime:2:  layout_caves
Orc:1:    layout_diamond_mine, uniq_maurice
Orc:2:    kennysheep_orc_mage_school, layout_caves, serial_shops, shop
Elf:1:    eino_elf_arrival_shootout, layout_loops_cross, minivault_28
Elf:2:    nicolae_elf_blades_splatter_lattice [nicolae_blade_little_rooms],
          layout_geoelf_octagon, nicolae_fountain_basement
Elf:3:    minmay_elf_hall_hex, layout_geoelf_grid, minivault_16,
          nicolae_elf_deep_friendship
Depths:1: layout_twisted_cross, hangedman_coc_ice_floe,
          minmay_misc_feat_diagonals, serial_shops, nicolae_lakefront_shop,
          serial_bayou_lagoon_a, lemuel_flamethrower_3, minmay_shoptagon
Depths:2: lemuel_river_lethe, abyss_entry, pan_entry, hell_entry
Hell

Skill      XL: |  1  2  3  4  5  6  7  8  9 10 11 12 13 14 15 16 17 18 19 20 |
---------------+-------------------------------------------------------------+-----
Fighting       | 4 5 6 7 9 10 11 12 13 14 | 14.2
Dodging        | 3 4 5 6 8 10 11 12 13 15 17 18 19 | 19.0
Long Blades    | 3 6 7 9 11 12 13 14 15 | 15.2
Invocations    | 3 4 5 6 12 13 14 15 16 17 18 19 20 | 20.0
Short Blades   | 1 3 4 6 7 |  7.3
Shields        | 2 3 4 6 7 |  7.9
Evocations     | 1 2 3 |  3.3
Throwing       | 3 4 5 |  5.5
Spellcasting   | 2 4 6 7 |  7.8
Hexes          | 2 4 6 8 9 |  9.0
Air Magic      | 2 4 6 8 |  8.3
Axes           | 4 |  4.5
Polearms       | 1 |  1.9

Action                   |  1- 3 |  4- 6 |  7- 9 | 10-12 | 13-15 | 16-18 | 19-21 || total
-------------------------+-------+-------+-------+-------+-------+-------+-------++-------
Melee: Falchion          |   103 |    53 |       |   362 |    63 |       |       ||   581
       Tailslap          |     6 |    41 |   102 |   104 |   328 |   367 |   244 ||  1192
       Punch             |       |     4 |     8 |    11 |    31 |    20 |       ||    74
       Dagger            |       |   192 |   531 |   104 |    25 |       |       ||   852
       Short sword       |       |       |       |   136 |    21 |       |       ||   157
       Scimitar          |       |       |       |       |  1602 |  1920 |   583 ||  4105
       Broad axe         |       |       |       |       |       |       |   221 ||   221
       Halberd           |       |       |       |       |       |       |    92 ||    92
Throw: Boomerang         |       |       |       |    93 |   114 |   160 |       ||   367
 Cast: Silence           |       |       |       |       |       |       |     2 ||     2
Invok: Banish            |       |       |     2 |    13 |    31 |    29 |     5 ||    80
       Corrupt           |       |       |       |     1 |       |     1 |       ||     2
       Bend Space        |       |       |       |       |       |     7 |     3 ||    10
       Depart the Abyss  |       |       |       |       |       |     1 |       ||     1
       Enter the Abyss   |       |       |       |       |       |     1 |       ||     1
       Brand Weapon With |       |       |       |       |       |       |     1 ||     1
 Abil: Breathe Fire      |       |       |     9 |    13 |    12 |    13 |     7 ||    54
Evoke: Wand              |       |       |     8 |     3 |    10 |     8 |     7 ||    36
       Box of beasts     |       |       |       |     1 |     2 |     4 |     1 ||     8
       Piece from Xom's  |       |       |       |     6 |     2 |    44 |    13 ||    65
  Use: Scroll            |     1 |     5 |     7 |    10 |    13 |    12 |     6 ||    54
       Potion            |     1 |     2 |     4 |     2 |    10 |    24 |    15 ||    58
 Stab: Sleeping          |       |     2 |       |     2 |     5 |    13 |     2 ||    24
       Distracted        |       |       |       |     2 |     4 |    10 |     3 ||    19
       Petrifying        |       |       |       |     1 |       |       |       ||     1
       Paralysed         |       |       |       |       |     1 |     2 |       ||     3
       Petrified         |       |       |       |       |       |       |     9 ||     9
       Invisible         |       |       |       |       |       |       |     3 ||     3
Armor: Skin              |    44 |    58 |   149 |   324 |   539 |   421 |   514 ||  2049
Dodge: Dodged            |   106 |   111 |   359 |   708 |  1952 |  1776 |  1433 ||  6445
Block: Other             |       |    29 |   145 |     1 |       |       |       ||   175
       Reflection        |       |       |     5 |       |       |       |     3 ||     8
       Kite shield       |       |       |       |       |       |   240 |   622 ||   862
       Buckler           |       |       |       |       |       |   141 |   102 ||   243

Table legend: (Time is in decaauts)
 A = Elapsed time spent in this place.
 B = Non-inter-level travel time spent in this place.
 C = Inter-level travel time spent in this place.
 D = Time resting spent in this place.
 E = Time spent auto-exploring this place.
 F = Levels seen in this place.
 G = Mean time per level.
                   A        B        C        D        E       F      G
               +--------+--------+--------+--------+--------+-----+--------+
         Total |  72796 |  68060 |   4736 |  29971 |  18841 |  43 | 1692.9 |
       Dungeon |  24973 |  22817 |   2156 |   8606 |   8758 |  15 | 1664.9 |
          Lair |  12253 |  11092 |   1161 |   4099 |   4631 |   6 | 2042.2 |
         Swamp |   5242 |   5000 |    242 |   2354 |    984 |   4 | 1310.5 |
     Snake Pit |  14049 |  13777 |    272 |   7303 |   2375 |   4 | 3512.2 |
    Slime Pits |    986 |    984 |      2 |    635 |    134 |   2 |  493.0 |
  Orcish Mines |   2753 |   2174 |    579 |    352 |    641 |   2 | 1376.5 |
   Elven Halls |   7873 |   7672 |    201 |   4352 |    754 |   3 | 2624.3 |
        Depths |   3680 |   3559 |    121 |   1917 |    471 |   2 | 1840.0 |
          Hell |      1 |      1 |      0 |      0 |      0 |   1 |    1.0 |
         Abyss |     12 |     12 |      0 |      0 |      3 |   2 |    6.0 |
        Bailey |    385 |    385 |      0 |     73 |     87 |   1 |  385.0 |
      Gauntlet |    585 |    585 |      0 |    278 |      0 |   1 |  585.0 |
               +--------+--------+--------+--------+--------+-----+--------+

Top non-repeatable levels by time:
 Snake:4: 4596 daAuts
 Snake:3: 4535 daAuts
   Elf:2: 3902 daAuts
    D:13: 3425 daAuts
 Snake:2: 3197 daAuts
Depths:1: 2950 daAuts
    D:15: 2897 daAuts
    D:11: 2563 daAuts
  Lair:4: 2470 daAuts
     D:3: 2377 daAuts
  Lair:2: 2199 daAuts
 Swamp:2: 2182 daAuts
  Lair:5: 2137 daAuts
   Elf:1: 2130 daAuts
  Lair:6: 2095 daAuts
